 Dungeon Sprint DCSS version 0.30.1-9-gdf580d7c3d (webtiles) character file.

Game seed: 5550010020035644261

151 Heoruswealwe the Spear-Bearer (level 5, -4/45 HPs)
             Began as a Minotaur Fighter on Sept 27, 2023.
             Slain by an ogre
             ... wielding a +0 giant spiked club
              (10 damage)
             ... in the Dungeon (Sprint IX: "|||||||||||||||||||||||||||||").
             The game lasted 00:01:10 (49 turns).

Heoruswealwe the Spear-Bearer (Minotaur Fighter)      Turns: 49, Time: 00:01:10

Health: -4/45      AC:  6    Str: 22    XL:     5   Next: 10%
Magic:  4/4        EV:  9    Int:  5    God:
Gold:   0          SH:  4    Dex: 10    Spells: 4/4 levels left

rFire   . . .        a - +0 trident
rCold   . . .        d - +0 buckler
rNeg    . . .        c - +0 scale mail
rPois   .            (helmet restricted)
rElec   .            (no cloak)
rCorr   .            (no gloves)
SInv    .            (no boots)
Will    .....        (no amulet) Stlth
                     (no ring)
HPRegen 0.27/turn    (no ring)
MPRegen 0.09/turn

%: no teleportation
@: no status effects
A: horns 2, retaliatory headbutt
a: no special abilities


You were in the Dungeon.
You visited 1 branch

Inventory:

Hand Weapons
 a - a +0 trident (weapon)
Armour
 c - a +0 scale mail (worn)
 d - a +0 buckler (worn)
Scrolls
 j - a scroll of blinking
Potions
 b - a potion of might
 g - a potion of haste
 i - a potion of berserk rage


   Skills:
 - Level 3.6 Fighting
 + Level 12.4 Polearms
 - Level 3.6 Armour
 - Level 3.6 Shields


You had 4 spell levels left.
You didn't know any spells.
Your spell library was empty.

Dungeon Overview and Level Annotations

Branches:
Dungeon (1/1)

Altars:


Innate Abilities, Weirdness & Mutations

You have a pair of horns on your head.
You reflexively headbutt those who attack you in melee.


Message History

* * * LOW HITPOINT WARNING * * *
The black bear claws you but does no damage. x2
You puncture the black bear!
You headbutt the black bear, but do no damage.
The black bear is severely wounded.
The black bear barely misses you.
The black bear claws you but does no damage.
The black bear claws you.
* * * LOW HITPOINT WARNING * * *
You hit the black bear. You headbutt the black bear.
The black bear is almost dead.
The black bear goes berserk!
You feel better. The black bear bites you.
* * * LOW HITPOINT WARNING * * *
The black bear closely misses you. The black bear claws you.
* * * LOW HITPOINT WARNING * * *
You hit the black bear.
You kill the black bear!
Your attacks no longer feel as feeble.
Your Polearms skill gained 3 levels and is now at level 12!
You have reached level 4!
You feel agile.
You have reached level 5!
You hit the ogre.
The ogre is lightly wounded.
You barely miss the ogre.
The ogre is lightly wounded.
The ogre closely misses you.
You barely miss the ogre.
You headbutt the ogre, but do no damage.
The ogre is lightly wounded.
You puncture the ogre!
The ogre is heavily wounded.
The ogre barely misses you.
You hit the ogre.
The ogre is heavily wounded.
You hit the ogre.
The ogre is severely wounded.
The ogre hits you with a +0 giant spiked club!
You die... ▓▓▓▓▓▓▓▓▓▓▓▓▓▓▓▓▓▓ ▓<.!.†....@O.....+ ▓▓▓▓▓▓▓▓▓▓▓▓▓▓▓▓▓▓

You could see an ogre.

Vanquished Creatures
  A black bear (D)
  A gnoll bouda (D)
  An iguana (D)
  An orc (D)
  2 endoplasms (D)
  A giant cockroach (D)
  A hobgoblin (D)
  A quokka (D)
9 creatures vanquished.

Notes
Turn   | Place    | Note
-------+----------+-------------------------------------------
     0 | D        | Heoruswealwe the Minotaur Fighter began the quest for the
                  | Orb.
     0 | D        | Reached XP level 1. HP: 19/19 MP: 0/0
     7 | D        | Reached skill level 3 in Polearms
     9 | D        | Reached skill level 4 in Polearms
    15 | D        | Reached skill level 5 in Polearms
    21 | D        | Noticed an iguana
    21 | D        | Noticed a gnoll bouda
    21 | D        | Noticed a black bear
    21 | D        | Noticed an ogre
    30 | D        | Killed an iguana
    31 | D        | Reached skill level 7 in Polearms
    31 | D        | Reached XP level 2. HP: 14/26 MP: 1/1
    31 | D        | Reached XP level 3. HP: 17/31 MP: 2/2
    37 | D        | Reached skill level 9 in Polearms
    43 | D        | Killed a black bear
    44 | D        | Reached skill level 12 in Polearms
    44 | D        | Reached XP level 4. HP: 4/39 MP: 3/3
    44 | D        | Reached XP level 5. HP: 4/45 MP: 4/4
    49 | D        | Slain by an ogre

Illustrated notes

Levels and vault maps discovered:
D:        linesprint [early_d, line_temple, items_1, d_10, items_2, lair_1,
          lair_end, items_3, orc_1, orc_end, items_4, d_15, swamp_1, shoals_1,
          snake_1, spider_1, d_20, vaults_1, items_5, swamp_end, shoals_end,
          snake_end, spider_end, vaults_end, d_27, items_6, zot_1, zot_end,
          crypt_end, forest_end, elf_end, slime_end, tomb_end, abyss_end,
          pan_hell_end]

Skill      XL: |  1  2  3 |
---------------+----------+-----
Polearms       | 7 12 | 12.4
Fighting       | |  3.6
Armour         | |  3.6
Shields        | |  3.6

Action                     |  1- 3 |  4- 6 || total
---------------------------+-------+-------++-------
  Melee: Trident           |    30 |     6 ||    36
         Headbutt          |     6 |     1 ||     7
    Use: Potion            |     2 |       ||     2
 Armour: Scale mail        |     7 |       ||     7
  Dodge: Dodged            |     5 |     2 ||     7
  Block: Buckler           |     7 |       ||     7
